 Dungeon Crawl Stone Soup version 0.23.2-40-g277498a001 (webtiles) character file.

Game seed: 5239123998342367925

25 MalarOregon the Sneak (level 2, 0/23 HPs)
             Began as a Draconian Enchanter on Sept 18, 2019.
             Slain by a goblin (3 damage)
             ... on level 1 of the Dungeon.
             The game lasted 00:00:44 (414 turns).

MalarOregon the Sneak (Draconian Enchanter)          Turns: 414, Time: 00:00:45

Health: 0/23       AC:  4    Str: 10    XL:     2   Next: 86%
Magic:  5/5        EV: 12    Int: 15    God:
Gold:   41         SH:  0    Dex: 11    Spells: 4/5 levels left

rFire    . . .     SeeInvis .   a - +1 dagger
rCold    . . .     Gourm    .   (no shield)
rNeg     . . .     Faith    .   (armour unavailable)
rPois    .         Spirit   .   (helmet restricted)
rElec    .         Reflect  .   (no cloak)
rCorr    .         Harm     .   (no gloves)
MR       .....                  (no boots)
Stlth    ++........             (no amulet)
HPRegen  0.07/turn              (no ring)
MPRegen  0.09/turn              (no ring)

@: lightly drained
A: unfitting armour, cold-blooded, AC +4
a: no special abilities


You were on level 1 of the Dungeon.
You were not hungry.

You visited 1 branch of the dungeon, and saw 1 of its levels.

You collected 41 gold pieces.

Inventory:

Hand Weapons
 a - a +1 dagger (weapon)
Scrolls
 g - a scroll of teleportation {unknown}
Potions
 b - 2 potions of curing {unknown}
 c - a potion of haste {unknown}
 d - a potion of invisibility {unknown}
Comestibles
 e - 2 rations {!d}
 f - 6 chunks of flesh


   Skills:
 * Level 1.1(0.9) Fighting
 * Level 1.5(1.2) Short Blades
 * Level 2.1(1.9) Dodging
 + Level 2.8(2.5) Stealth
 + Level 2.1(1.8) Spellcasting
 + Level 2.8(2.5) Hexes


You had 4 spell levels left.
You knew the following spells:

 Your Spells              Type           Power        Failure   Level  Hunger
a - Corona                Hex            #......      8%          1    ##.....

Your spell library contained the following spells:

 Spells                   Type           Power        Failure   Level  Hunger
 Ensorcelled Hibernation  Hex/Ice        #.....       21%         2    ###....
 Confuse                  Hex            #.......     24%         3    ####...
 Tukima's Dance           Hex            #.......     24%         3    ####...
 Dazzling Spray           Conj/Hex       #.....       38%         3    ####...


Dungeon Overview and Level Annotations

Branches:
Dungeon (1/15)

Altars:


Innate Abilities, Weirdness & Mutations

Your plain brown scales are hard. (AC +4)
You cannot fit into any form of body armour.
You are cold-blooded and may be slowed by cold attacks.


Message History

You closely miss the rat. The rat bites you but does no damage.
You hit the rat.
You kill the rat!
You completely miss the jackal. You tail-slap the jackal.
The jackal closely misses you.
The jackal bites you but does no damage.
You hit the jackal.
You kill the jackal!
The jackal barely misses you.
You hit the jackal. The jackal closely misses you.
You hit the jackal but do no damage.
You tail-slap the jackal, but do no damage.
The jackal completely misses you. The jackal closely misses you.
You closely miss the jackal. The jackal barely misses you.
You hit the jackal.
The jackal bites you but does no damage.
You barely miss the jackal. The jackal bites you.
* * * LOW HITPOINT WARNING * * *
The jackal bites you but does no damage.
You closely miss the jackal. The jackal barely misses you.
You hit the jackal.
You kill the jackal!
You barely miss the goblin. The goblin hits you but does no damage.
You barely miss the goblin.
Your tail-slap misses the goblin.
The goblin hits you but does no damage.
You closely miss the goblin.
Your tail-slap misses the goblin.
The goblin hits you.
* * * LOW HITPOINT WARNING * * *
You miss the goblin. The goblin barely misses you.
You hit the goblin.
You kill the goblin!
Some of the chunks of flesh in your inventory have rotted away.
You hit the jackal.
The jackal bites you but does no damage.
The jackal misses you.
You hit the jackal but do no damage. The jackal barely misses you.
You barely miss the jackal.
Your tail-slap misses the jackal.
The jackal barely misses you.
You hit the jackal.
The jackal bites you but does no damage. x2
You closely miss the jackal. The jackal misses you.
You closely miss the jackal.
Your tail-slap misses the jackal.
The jackal misses you.
You closely miss the jackal. The jackal bites you.
* * * LOW HITPOINT WARNING * * *
The jackal bites you but does no damage.
You hit the jackal.
You kill the jackal!
The goblin hits you.
You die...

#......†......#
#.....######### #.....# ###
#.....# ######..
#+#######+####'## #....#..
#...........##.# #####....#..
##...........##.# #........+..
.............##g# ####.....#..
##...........##@# #....##..
##........).##)# #....##..
#...........#.########.#####..
###########.#.................
#...#..<..........##
#####..##..###'###...#
#......##..##...##..##
#....[.##..#.#'#.#..#
#.....>....+.#>#.#..#


You could see a goblin.

Vanquished Creatures
  An ooze (D:1)
  A leopard gecko (D:1)
  A giant cockroach (D:1)
  3 goblins (D:1)
  A hobgoblin (D:1)
  5 jackals (D:1)
  3 kobolds (D:1)
  3 rats (D:1)
18 creatures vanquished.

Notes
Turn   | Place    | Note
-------+----------+-------------------------------------------
     0 | D:1      | MalarOregon the Draconian Enchanter began the quest for the
                  | Orb.
     0 | D:1      | Reached XP level 1. HP: 14/14 MP: 3/3
   297 | D:1      | Reached XP level 2. HP: 22/22 MP: 5/5
   386 | D:1      | Reached skill level 1 in Fighting
   414 | D:1      | Slain by a goblin

Skill      XL: |  1  2 |
---------------+-------+-----
Dodging        | 2 |  2.1
Fighting       | 1 |  1.1
Short Blades   | |  1.5
Stealth        | |  2.8
Spellcasting   | |  2.1
Hexes          | |  2.8

Action                   || total
-------------------------++-------
Melee: Dagger            ||    82
       Tailslap          ||    10
 Stab: Sleeping          ||     1
Armor: Skin              ||    27
Dodge: Dodged            ||    46
